AoeStats
← Looting

Arena

505500779Analyzed
4v4 RM · 21d ago on Sep 9, 2026· 65m 29s· 8 players
Game mode
Random Map
Map size
Large (8 player)
Population
200
Speed
Normal
Resources
Standard
Victory
Conquest
Starting age
Dark Age
Ending age
Imperial Age
RankedLock teamsTeams togetherTeam positionsShared explorationLock speedFull tech treeHidden civsTurbo modeCheats
Victory
Defeat
🇹🇼 Shu · Taiwan
803
+10
🇦🇷 Koreans · Argentina
799
+10
🇨🇳 Portuguese · China
766
+11
🇨🇳 Goths · China
635
+17
🇺🇸 Persians · United States
677
-13
🇵🇱 Portuguese · Poland
659
-12
🇪🇸 Japanese · Spain
651
-12
🇺🇸 Khmer · United States
647
-11
Kevin FZ3252
10:19 Feudal Age
15:26 Castle Age
25:23 Crossbowman
26:16 Double-Bit Axe
26:21 Horse Collar
28:11 Heavy Plow
28:24 Bow Saw
30:52 Wheelbarrow
33:17 Imperial Age
31:41 Stone Mining
31:46 Gold Mining
32:12 Scale Barding Armor
32:47 Forging
32:57 Thumb Ring
34:28 Gold Shaft Mining
34:32 Stone Shaft Mining
34:26 Kamandaran
38:10 Chain Barding Armor
38:25 Iron Casting
40:30 Husbandry
40:41 Bloodlines
41:38 Elite War Elephant
49:25 Plate Barding Armor
49:51 Blast Furnace
51:31 Ballistics
52:11 Chemistry
58:12 Caravan
59:54 Padded Archer Armor
59:44 Fletching
59:57 Onager
61:49 Leather Archer Armor
61:30 Bodkin Arrow
Looting
0:45 Loom
12:58 Feudal Age
20:04 Castle Age
18:27 Stone Mining
18:58 Gold Mining
19:11 Fletching
22:31 Horse Collar
22:43 Double-Bit Axe
25:14 Bow Saw
29:59 Imperial Age
29:54 Heavy Plow
31:26 Wheelbarrow
32:41 Gold Shaft Mining
33:00 Siege Engineers
32:54 Heavy Scorpion
35:06 Town Watch
36:04 Double Crossbow
37:49 Ballistics
39:31 Conscription
40:19 Chemistry
38:43 Capped Ram
41:27 Padded Archer Armor
41:23 Bodkin Arrow
40:54 Elite Ballista Elephant
42:51 Masonry
43:51 Fervor
43:49 Bracer
46:57 Leather Archer Armor
49:24 Ring Archer Armor
49:05 Forging
49:37 Hoardings
50:16 Siege Ram
51:11 Fortified Wall
52:59 Elite Skirmisher
55:02 Parthian Tactics
Drex3968
5:25 Loom
11:14 Feudal Age
20:46 Castle Age
22:07 Squires
22:23 Double-Bit Axe
23:13 Stone Mining
23:19 Gold Mining
25:12 Horse Collar
26:20 Gold Shaft Mining
26:26 Wheelbarrow
28:11 Treadmill Crane
28:39 Heavy Plow
29:15 Bow Saw
32:29 Imperial Age
30:04 Gambesons
30:05 Arson
31:14 Murder Holes
31:15 Town Watch
32:03 Scale Mail Armor
33:43 Conscription
34:21 Hand Cart
34:18 Caravan
34:48 Ballistics
35:38 Forging
37:02 Two-Man Saw
37:01 Chain Mail Armor
38:12 Kataparuto
38:00 Town Patrol
38:40 Iron Casting
39:23 Elite Samurai
41:50 Blast Furnace
43:44 Chemistry
42:18 Elite Skirmisher
43:56 Thumb Ring
44:26 Bloodlines
46:12 Padded Archer Armor
46:03 Fletching
48:46 Husbandry
48:09 Light Cavalry
50:23 Siege Engineers
49:54 Cavalier
54:31 Fortified Wall
StebMasterG
4:10 Loom
13:04 Feudal Age
18:10 Castle Age
25:57 Imperial Age
23:50 Double-Bit Axe
24:53 Fletching
24:50 Horse Collar
26:14 Wheelbarrow
27:15 Pikeman
32:02 Forging
31:48 Bodkin Arrow
34:08 Chemistry
32:50 Treadmill Crane
34:53 Halberdier
36:38 Fortified Wall
36:25 Murder Holes
38:07 Iron Casting
37:32 Bracer
37:34 Scale Mail Armor
37:36 Padded Archer Armor
37:50 Bow Saw
38:36 Elite Skirmisher
39:16 Elite Skirmisher
41:26 Thumb Ring
42:54 Leather Archer Armor
46:53 Cavalier
47:48 Bloodlines
51:11 Scale Barding Armor
51:42 Hand Cart
52:56 Chain Barding Armor
60:34 Blast Furnace
Arlans天空
0:38 Loom
12:43 Feudal Age
18:00 Castle Age
16:30 Horse Collar
16:37 Double-Bit Axe
23:40 Stone Mining
23:42 Gold Mining
26:47 Gold Shaft Mining
26:25 Bow Saw
31:41 Imperial Age
29:06 Crossbowman
29:52 Thumb Ring
30:40 Squires
30:00 Pikeman
32:51 Conscription
32:35 Fletching
32:45 Padded Archer Armor
32:57 Forging
32:48 Scale Mail Armor
33:19 Arbalester
41:09 Caravan
42:10 Elite Skirmisher
44:45 Chemistry
44:06 Ballistics
43:44 Murder Holes
44:00 Fortified Wall
43:36 Arrowslits
44:02 Masonry
43:52 Bodkin Arrow
44:12 Leather Archer Armor
44:13 Chain Mail Armor
45:12 Arson
44:47 Halberdier
50:34 Bolt Magazine
49:55 Elite White Feather Guard
59:23 Coiled Serpent Array
59:18 Capped Ram
62:52 Coinage
62:32 Guilds
63:11 Man-at-Arms
63:37 Gambesons
65:06 Architecture
64:41 Siege Engineers
64:39 Bracer
65:09 Ring Archer Armor
65:17 Plate Mail Armor
fedetiberio
2:01 Loom
14:19 Feudal Age
14:49 Double-Bit Axe
14:57 Town Watch
18:18 Arson
18:37 Stone Mining
18:40 Gold Mining
18:35 Horse Collar
20:22 Wheelbarrow
21:40 Fletching
25:28 Castle Age
23:40 Forging
23:31 Scale Mail Armor
23:36 Scale Barding Armor
26:28 Bow Saw
26:20 Heavy Plow
26:58 Stone Shaft Mining
26:59 Gold Shaft Mining
28:44 Bodkin Arrow
29:59 Town Patrol
30:39 Hand Cart
31:07 Eupseong
32:40 Squires
32:25 Gambesons
33:16 Treadmill Crane
33:33 Murder Holes
33:59 Ballistics
36:10 Fortified Wall
36:11 Masonry
36:07 Devotion
36:32 Chain Mail Armor
36:52 Iron Casting
37:29 Caravan
38:45 Husbandry
38:07 Light Cavalry
38:56 Thumb Ring
38:11 Elite Skirmisher
42:03 Imperial Age
39:30 Pikeman
42:18 Elite Fire Lancer
42:19 Halberdier
43:23 Conscription
44:15 Two-Man Saw
43:31 Guilds
44:38 Chemistry
43:24 Arrowslits
44:12 Architecture
43:56 Siege Engineers
43:35 Elite War Wagon
45:08 Bracer
45:39 Plate Mail Armor
46:12 Chain Barding Armor
47:26 Shinkichon
34542180
10:09 Feudal Age
8:25 Loom
11:22 Double-Bit Axe
11:53 Horse Collar
18:00 Castle Age
17:58 Wheelbarrow
17:45 Gold Mining
18:03 Stone Mining
19:45 Bow Saw
21:11 Stone Shaft Mining
24:16 Hand Cart
28:56 Town Watch
33:06 Imperial Age
30:37 Town Patrol
31:26 Heavy Plow
31:30 Scale Mail Armor
33:22 Husbandry
33:33 Bloodlines
33:24 Cavalier
34:30 Scale Barding Armor
34:43 Forging
35:35 Chain Barding Armor
35:40 Ballistics
35:31 Perfusion
37:09 Iron Casting
36:50 Chain Mail Armor
39:41 Blast Furnace
39:16 Anarchy
39:38 Conscription
38:50 Pikeman
39:32 Squires
43:12 Masonry
49:42 Halberdier
52:52 Elite Skirmisher
62:37 Capped Ram
GMTY0712
8:18 Loom
15:57 Feudal Age
17:38 Gold Mining
17:39 Stone Mining
17:45 Double-Bit Axe
17:41 Horse Collar
20:39 Castle Age
22:16 Stone Shaft Mining
21:53 Bow Saw
22:54 Heavy Plow
27:54 Treadmill Crane
28:38 Ballistics
31:48 Imperial Age
31:25 Wheelbarrow
30:35 Town Watch
31:24 Pikeman
33:30 Chemistry
33:26 Siege Engineers
34:23 Conscription
38:41 Thumb Ring
40:13 Bombard Tower
39:40 Elite Skirmisher
42:54 Masonry
42:54 Fortified Wall
42:35 Guard Tower
43:07 Halberdier
43:54 Padded Archer Armor
43:45 Fletching
45:19 Hand Cart
45:06 Town Patrol
46:07 Two-Man Saw
45:41 Crop Rotation
45:37 Capped Ram
49:26 Keep
49:22 Architecture
48:48 Murder Holes
48:42 Man-at-Arms
49:09 Gambesons
50:41 Crossbowman
51:09 Arson
50:45 Long Swordsman
51:44 Leather Archer Armor
51:25 Bodkin Arrow
51:30 Scale Mail Armor
51:40 Forging
52:22 Arbalester
52:25 Two-Handed Swordsman
55:55 Onager
60:02 Bracer
60:32 Ring Archer Armor
60:03 Scale Mail Armor
60:13 Forging
60:10 Scale Barding Armor
60:33 Champion
Connection lost

Rejoining the realm…

Still unreachable

The connection could not be restored.

Session expired

The server has moved on; the page needs a fresh start.